 Dungeon Crawl Stone Soup version 0.28.0-53-g5a82cb258f (webtiles) character file.

Game seed: 2814566521357530952

3 Zeld the Chopper (level 1, -3/20 HPs)
             Began as a Minotaur Berserker on May 22, 2022.
             Was a Follower of Trog.
             Slain by a hobgoblin (4 damage)
             ... on level 1 of the Dungeon.
             The game lasted 00:00:11 (243 turns).

Zeld the Chopper (Minotaur Berserker)                Turns: 243, Time: 00:00:11

Health: -3/20      AC:  2    Str: 21    XL:     1   Next: 41%
Magic:  0/0        EV: 12    Int:  4    God:    Trog [*.....]
Gold:   0          SH:  0    Dex:  9    Spells: 0/0 levels left

rFire   . . .      SeeInvis .   a - +0 hand axe
rCold   . . .      Faith    .   (no shield)
rNeg    . . .      Spirit   .   b - +0 animal skin
rPois   .          Reflect  .   (helmet restricted)
rElec   .          Harm     .   (no cloak)
rCorr   .          Rampage  .   (no gloves)
Will    .....                   (no boots)
Stlth   +.........              (no amulet)
HPRegen 0.06/turn               (no ring)
MPRegen 0.07/turn               (no ring)

@: no status effects
A: horns 2, retaliatory headbutt
a: Renounce Religion, Berserk


You were on level 1 of the Dungeon.
You worshipped Trog.
Trog was aware of your devotion.
You visited 1 branch of the dungeon, and saw 1 of its levels.

Inventory:

Hand Weapons
 a - a +0 hand axe (weapon)
Armour
 b - a +0 animal skin (worn)
Scrolls
 c - a scroll of identify {unknown}


   Skills:
 * Level 3.7 Fighting
 * Level 3.7 Axes
 + Level 2.4 Armour
 + Level 2.2 Dodging


You couldn't memorise any spells.
You didn't know any spells.
Your spell library was empty.

Dungeon Overview and Level Annotations

Branches:
Dungeon (1/15)

Altars:


Innate Abilities, Weirdness & Mutations

You have a pair of horns on your head.
You reflexively headbutt those who attack you in melee.


Message History

a +0 dagger; 4 stones No target in view!
You open the door.
There is an open door here.
There is an open door here.
There is an escape hatch in the floor here.
There is an escape hatch in the floor here.
A rat and a hobgoblin come into view.
Found a stone staircase leading down.
The hobgoblin shouts!
There are monsters nearby!
Found a stone staircase leading down.
There are monsters nearby!
The hobgoblin hits you. The rat completely misses you.
There are monsters nearby!
You hit the rat but do no damage. You hit the hobgoblin but do no damage.
The hobgoblin misses you. The rat bites you.
There are monsters nearby!
You hit the rat.
You kill the rat!
Trog accepts your kill.
You hit the hobgoblin. The hobgoblin hits you.
A hobgoblin is nearby!
You hit the hobgoblin but do no damage. Your headbutt misses the hobgoblin.
The hobgoblin is severely wounded.
The hobgoblin hits you.
You are too injured to fight recklessly!
A hobgoblin is nearby!
You are too injured to fight recklessly!
You are too injured to fight recklessly!
You hit the hobgoblin but do no damage.
The hobgoblin is severely wounded.
The hobgoblin hits you.
* * * LOW HITPOINT WARNING * * *
You hit the hobgoblin.
The hobgoblin is almost dead.
The hobgoblin hits you.
* * * LOW HITPOINT WARNING * * *
The hobgoblin hits you.
You die...

#...........##..##..#..#.
###.........##.##..###...
#............##.##.....
#.........+#######.##..
#.........#≈≈≈≈#...##..
#.........#≈...#.......
#.........#≈...#.......
#.........#≈...#.......
#.....@...#≈...#......#
#......g..#####'.#.##..
#.........###...##.##.#
#.........##..####.##.#
#...>.....#..## #.....#
#.........#.#####..####
##......>##.##....##
##.....##..##....##
##.###.....##


You could see a hobgoblin.

Vanquished Creatures
  A giant cockroach (D:1)
  A kobold (D:1)
  2 rats (D:1)
4 creatures vanquished.

Notes
Turn   | Place    | Note
-------+----------+-------------------------------------------
     0 | D:1      | Zeld the Minotaur Berserker began the quest for the Orb.
     0 | D:1      | Reached XP level 1. HP: 19/19 MP: 0/0
   243 | D:1      | HP: 1/20 [hobgoblin (5)]
   243 | D:1      | Slain by a hobgoblin

Illustrated notes

Levels and vault maps discovered:
D:1:      lightli_arrival_windingriver, layout_rooms, basic_ecumenical_altar,
          serial_rivers, chequers_serial_rivers_marsh,
          chequers_serial_rivers_room_b, chequers_serial_rivers_micro_c,
          chequers_serial_rivers_marsh, chequers_serial_rivers_room_a,
          chequers_serial_rivers_room_a, bh_walls_and_bars

Action                   || total
-------------------------++-------
Melee: Hand axe          ||    10
Armor: Animal skin       ||     1
Dodge: Dodged            ||     6
